[Event "Early-Titled-Tuesday-Blitz-June-18-2024"]
[Site "Chess.com"]
[Date "2024.06.18"]
[Round "5"]
[White "arctic_t00"]
[Black "GM_dmitrij"]
[Result "0-1"]
[WhiteElo "2730"]
[BlackElo "3029"]
[TimeControl "180+1"]
[EndTime "8:58:31 PDT"]
[Termination "GM_dmitrij won by resignation"]

1. d4 Nf6 2. Nf3 e6 3. Bg5 h6 4. Bh4 c5 5. e3 cxd4 6. exd4 b6 7. Nbd2 Bb7 8. c3 Be7 9. Bd3 O-O 10. O-O d6 11. Re1 Nbd7 12. a4 a6 13. Nc4 Rc8 14. Bg3 Qc7 15. h3 Bc6 16. Qe2 Nb8 17. a5 b5 18. Ncd2 Qb7 19. Rec1 Nbd7 20. b3 Nd5 21. c4 Nb4 22. Bb1 Nf6 23. d5 exd5 24. Nd4 dxc4 25. Nxc6 Rxc6 26. bxc4 d5 27. Re1 Re6 28. Qd1 Rxe1+ 29.
Qxe1 dxc4 30. Ne4 Nd3 31. Bxd3 cxd3 32. Nxf6+ Bxf6 33. Rd1 Qd5 34. Qe3 Rd8 35. Bc7 Rd7 36.
Bb6 Bg5 37. Qe8+ Kh7 38. Qc8 Re7 39. h4 Bxh4 40. Qh3 d2 41. Be3 Bg5 42. Rxd2 Qe6 43. Qxe6 Rxe6 44. Bxg5 hxg5 45. Rd7 Re1+ 46. Kh2 Ra1 47.
Rxf7 Rxa5 48. g4 b4 49. Kg3 b3 0-1

[Event "Early-Titled-Tuesday-Blitz-June-18-2024"]
[Site "Chess.com"]
[Date "2024.06.18"]
[Round "5"]
[White "azikom"]
[Black "rollercoaster29"]
[Result "1/2-1/2"]
[WhiteElo "2694"]
[BlackElo "2517"]
[TimeControl "180+1"]
[EndTime "8:58:31 PDT"]
[Termination "Game drawn - insufficient material"]

1. c4 Nf6 2. Nc3 g6 3. e4 d6 4.
d4 Bg7 5. Bg5 O-O 6. Qd2 c5 7.
d5 a6 8. a4 Nbd7 9. Nf3 Re8 10. Bd3 Nf8 11. O-O e5 12. a5 Qc7 13. Rfb1 Nh5 14.
g3 b6 15. axb6 Qxb6 16. Ne1 f5 17. exf5 gxf5 18. Bh6 Nf4 19. Bxg7 Nxd3 20. Bxf8 Nxe1 21. Qg5+ Kxf8 22. Rxe1 Qc7 23. Qh6+ Kg8 24. Nb5 axb5 25. Rxa8 bxc4 26. Rea1 Bd7 27. Rxe8+ Bxe8 28. Ra8 Qe7 29. h4 e4 30. Ra6 Bg6 31. Qg5 Qxg5 32. hxg5 Kf7 33.
Rxd6 Ke7 34. Rc6 Bf7 35. Rxc5 Kd6 36. Rxc4 Bxd5 37. Rd4 Ke5 38. Rxd5+ Kxd5 39. Kf1 Kc4 40. Ke2 Kb3 41. Ke3 Kxb2 42. Kf4 Kc3 43. Kxf5 Kd3 44. g4 Kd4 45. Kf4 Kd3 46. Ke5 e3 47. fxe3 Kxe3 48. Kf6 Kf4 49. Kg7 Kxg5 50. Kxh7 Kxg4 1/2-1/2

[Event "Early-Titled-Tuesday-Blitz-June-18-2024"]
[Site "Chess.com"]
[Date "2024.06.18"]
[Round "5"]
[White "ShahMatKanal"]
[Black "Journey_to_GrandMaster_YT"]
[Result "0-1"]
[WhiteElo "2470"]
[BlackElo "2644"]
[TimeControl "180+1"]
[EndTime "8:58:31 PDT"]
[Termination "Journey_to_GrandMaster_YT won on time"]

1. f4 d6 2. e4 Nf6 3. Nc3 c5 4.
Nf3 Nc6 5. Be2 g6 6. O-O Bg7 7. d3 O-O 8. Kh1 Nd4 9. Be3 Nxe2 10. Qxe2 b5 11. Rae1 b4 12. Nd1 Bb7 13. f5 Rc8 14. b3 a5 15. Qd2 Ng4 16. Bg5 Qd7 17. h3 Ne5 18. Bh6 f6 19. Bxg7 Kxg7 20. fxg6 hxg6 21. Ne3 Rh8 22. Nxe5 dxe5 23. Qf2 Rh5 24. Kg1 Rch8 25. Qg3 Rg5 26. Qf2 Qxh3 27. Qf3 Rg3 28. Qe2 Qh2+ 29. Kf2 Qh4 30. Kg1 Bc8 31. Rf3 Rxf3 32.
gxf3 Qh1+ 33. Kf2 Rh2+ 34. Kg3 Rh3+ 35. Kf2 Qh2+ 36. Ng2 Rg3 37. Rg1 Bh3 38. Qf1 Kh6 39. Rh1 Rxg2+ 40. Ke1 Qg3+ 41. Kd1 Rh2 42. Rxh2 Qxh2 43.
Qe1 Qg2 44. Qe2 Qxe2+ 45. Kxe2 Kg5 46. Ke3 f5 0-1

[Event "Early-Titled-Tuesday-Blitz-June-18-2024"]
[Site "Chess.com"]
[Date "2024.06.18"]
[Round "5"]
[White "Viktor_Poddubnyi"]
[Black "pinelone"]
[Result "1/2-1/2"]
[WhiteElo "2321"]
[BlackElo "2465"]
[TimeControl "180+1"]
[EndTime "8:58:31 PDT"]
[Termination "Game drawn by repetition"]

1. e4 c6 2. d4 d5 3. exd5 cxd5 4.
c4 Nf6 5. Nc3 Nc6 6. Bg5 dxc4 7.
Bxc4 h6 8. Be3 e6 9. Nf3 Bd6 10. O-O O-O 11. Qd2 Ne7 12. Rad1 Nf5 13. Bf4 b6 14. d5 Qc7 15. Bxd6 Nxd6 16. Bb3 Ba6 17. Rfe1 Nc4 18. Qe2 exd5 19. Nxd5 Nxd5 20. Rxd5 Rac8 21. h3 Bb7 22. Bxc4 Qxc4 23. Qxc4 Rxc4 24. Rd7 Bxf3 25. gxf3 a5 26. Rb7 Rb4 27. b3 g6 28. Ree7 a4 29.
bxa4 Rxa4 30. Rxb6 Rxa2 31. Rf6 Kg7 32. Rf4 Ra6 33. Kg2 Rd6 34. Kg3 h5 35. Rfe4 Rf6 36.
Rf4 Rd8 37. Rxf6 Kxf6 38. Re4 Rd5 39. Rc4 Kg5 40. h4+ Kf6 41. Rf4+ Rf5 42. Ra4 Re5 43. Rb4 Kg7 44. Rf4 Re6 45. Rd4 Rf6 46. Re4 Rf5 47. Rd4 Kf6 48. Re4 Re5 49. Rd4 Ke6 50. Rf4 Rf5 51. Ra4 Kf6 52. Ra6+ Ke7 53. Rb6 Kf8 54.
Rc6 Kg7 55. Rc4 Re5 56. Rf4 Re6 57. Rd4 Rf6 58. Re4 Rf5 59. Rd4 Re5 60. Rf4 1/2-1/2

[Event "Early-Titled-Tuesday-Blitz-June-18-2024"]
[Site "Chess.com"]
[Date "2024.06.18"]
[Round "5"]
[White "Slovineanu"]
[Black "ilovejokes555"]
[Result "1-0"]
[WhiteElo "2548"]
[BlackElo "2214"]
[TimeControl "180+1"]
[EndTime "8:58:32 PDT"]
[Termination "Slovineanu won by checkmate"]

1. d4 Nf6 2. Nf3 g6 3. Nbd2 Bg7 4. e4 d6 5. Bb5+ c6 6. Bd3 O-O 7. O-O Nbd7 8. a4 e5 9. dxe5 dxe5 10. b4 Qc7 11. Nc4 Re8 12. a5 Rb8 13. Be3 b6 14.
axb6 axb6 15. h3 c5 16. b5 Bb7 17. Nfd2 Nh5 18. g3 Nhf6 19. Qe2 Re6 20. Ra7 Ne8 21. Rfa1 Nd6 22. Nxd6 Rxd6 23. Nc4 Re6 24. c3 Nf6 25.
Qc2 Ne8 26. Kg2 f5 27. f3 f4 28. Bf2 fxg3 29. Bxg3 Qd8 30. Ne3 Re7 31. Bc4+ Kh8 32.
Bh4 Bf6 33. Bg3 Rd7 34. Bd5 Nc7 35. Bxb7 Rd2+ 36. Qxd2 Qxd2+ 37. Bf2 Bh4 38. R1a2 Qd8 39. Bd5 Bxf2 40. Kxf2 Nxb5 41. Rf7 Nxc3 42. Raa7 Qh4+ 43. Kg2 Qh6 44. Ng4 Qd2+ 45. Kg3 Ne2+ 46. Kh4 Qe1+ 47.
Kg5 Qc1+ 48. f4 h6+ 49. Kxh6 Qxf4+ 50. Rxf4 Nxf4 51. Rh7# 1-0

[Event "Early-Titled-Tuesday-Blitz-June-18-2024"]
[Site "Chess.com"]
[Date "2024.06.18"]
[Round "5"]
[White "Fore_Man"]
[Black "ClauAmura"]
[Result "0-1"]
[WhiteElo "2163"]
[BlackElo "2387"]
[TimeControl "180+1"]
[EndTime "8:58:32 PDT"]
[Termination "ClauAmura won by resignation"]

1. Nf3 d5 2. g3 c6 3. Bg2 Bf5 4.
d4 e6 5. O-O Nf6 6. Nh4 Bg6 7.
Nxg6 hxg6 8. Nc3 Nbd7 9. e4 dxe4 10. Nxe4 Nxe4 11. Bxe4 Nf6 12. Bg2 Be7 13. c3 a5 14.
Re1 a4 15. Bg5 Qa5 16. Bxf6 gxf6 17. Qc2 f5 18. c4 O-O 19. d5 cxd5 20. cxd5 Bb4 21.
Red1 e5 22. d6 e4 23. d7 Rad8 24. f3 exf3 25. Bxf3 Qb5 26. Qd3 Bc5+ 27. Kh1 Qxb2 28. Qd5 Qf2 29. Qxb7 Bd4 30. Rab1 Rxd7 31. Qc6 Rfd8 32.
Rf1 Qxa2 33. Rbd1 Rd6 34. Qb5 a3 35. Rfe1 Qf2 36. Rf1 Qe3 37. Rde1 Qg5 38. Re8+ Kg7 39. Rxd8 Rxd8 40. Qb3 Qe7 41. Rd1 Bc5 42. Rc1 Bd4 43. Rd1 Bf6 44. Rf1 Qd6 45. Rd1 Qe7 46. Rf1 Qe6 47. Qxa3 Rc8 48. Qa5 Rc3 49. Qd5 Qe3 50. Bg2 Rc1 51. Qa8 Bd4 52. Qa6 Qg1+ 0-1

[Event "Early-Titled-Tuesday-Blitz-June-18-2024"]
[Site "Chess.com"]
[Date "2024.06.18"]
[Round "5"]
[White "abelmat"]
[Black "margarita_2703"]
[Result "1-0"]
[WhiteElo "2046"]
[BlackElo "2210"]
[TimeControl "180+1"]
[EndTime "8:58:33 PDT"]
[Termination "abelmat won by resignation"]

1. d4 d5 2. c4 e6 3. Nf3 Nf6 4. Nc3 c6 5. e3 Nbd7 6. Bd3 dxc4 7. Bxc4 b5 8. Bd3 Bb7 9. e4 Be7 10. O-O a6 11. e5 Nd5 12. Ne4 c5 13. dxc5 Nxc5 14.
Nxc5 Bxc5 15. Bg5 Qb6 16. Rc1 h6 17. Bd2 Rd8 18. Qe2 Nb4 19. Bb1 O-O 20. Qe1 Nd3 21. Bxd3 Rxd3 22. Ba5 Bxf2+ 23. Rxf2 Qa7 24. Kh1 Bxf3 25.
Rxf3 Rxf3 26. gxf3 Qd4 27. Bc3 Qf4 28. Qf1 Rd8 29.
Rd1 Rc8 30. Qe2 h5 31. Rd4 Qc1+ 32. Kg2 Qg5+ 33. Kh1 Qc1+ 34. Rd1 Qg5 35. Rg1 Qf5 36. Qg2 g6 37. Qg3 h4 38. Qg4 Rc4 39. Qxf5 exf5 40.
Kg2 Kf8 41. Rd1 Ke7 42. Rd3 Rc7 43. a3 g5 44. Rd6 f4 45. Rxa6 Rd7 46. Bb4+ Kd8 47. Rd6 Rxd6 48. Bxd6 Kd7 49. Kf2 f6 50. Ke2 f5 51. h3 Ke6 52. b4 g4 53. hxg4 fxg4 54. fxg4 Kd5 55. Kf3 h3 56. g5 Ke6 57.
g6 Kf5 58. Kf2 h2 59. Kg2 Kxg6 60. Kxh2 Kf5 61. Kg2 Kg4 62. Kf2 Kf5 63. Bb8 Ke6 64. Bc7 Kf5 65. Kf3 Kg5 66. e6 Kf6 67. Bd6 Kxe6 68.
Bc5 Kd5 69. Kxf4 Kc4 70. Ke5 Kb3 71. Kd6 Kxa3 72. Kc6 Ka4 73. Kb6 Kb3 74. Kxb5 Kc3 75. Kc6 Kd3 76. b5 Ke4 77. b6 1-0

[Event "Early-Titled-Tuesday-Blitz-June-18-2024"]
[Site "Chess.com"]
[Date "2024.06.18"]
[Round "5"]
[White "edgarhay012"]
[Black "LangesNasenhaar"]
[Result "1-0"]
[WhiteElo "2683"]
[BlackElo "2496"]
[TimeControl "180+1"]
[EndTime "8:58:35 PDT"]
[Termination "edgarhay012 won by checkmate"]

1. e4 g6 2. d4 Bg7 3. h4 h5 4. Nf3 d5 5. exd5 Bg4 6. c4 Nf6 7.
Nc3 O-O 8. Be2 c6 9. dxc6 Nxc6 10. d5 Bxf3 11. gxf3 Ne5 12. Bg5 Rc8 13. Qd4 Nh7 14. Qf4 Qc7 15. Rc1 Nxg5 16. Qxg5 Bf6 17. Qh6 Nxc4 18.
O-O Nxb2 19. Ne4 Qe5 20. Qe3 Bxh4 21. Qb3 b5 22. Bxb5 Rb8 23. Rc2 a6 24. Qxb2 Qxd5 25. Rc5 Qd8 26. a4 axb5 27. axb5 Qb6 28. Qc3 Qe6 29. Rd1 Bf6 30. Qc2 Be5 31. Rc6 Qf5 32.
b6 Rfd8 33. Rxd8+ Rxd8 34. b7 Kg7 35. Rc8 Rd4 36. b8=Q Bxb8 37. Rxb8 Rd5 38. Qb2+ Re5 39. Rb5 f6 40. Rxe5 fxe5 41. Qb7 Qe6 42. Qc7 Kf7 43. Ng5+ Kg7 44. Nxe6+ Kf6 45. Nc5 Kf5 46. Qd7+ Kf4 47.
Qxe7 Kf5 48. Qe6+ Kg5 49. Qxe5+ Kh4 50. Qf4+ Kh3 51. Qg3# 1-0

[Event "Early-Titled-Tuesday-Blitz-June-18-2024"]
[Site "Chess.com"]
[Date "2024.06.18"]
[Round "5"]
[White "PLAYER_2006_M"]
[Black "nihalsarin"]
[Result "0-1"]
[WhiteElo "2956"]
[BlackElo "3186"]
[TimeControl "180+1"]
[EndTime "8:58:37 PDT"]
[Termination "nihalsarin won on time"]

1. e4 c5 2. Nf3 g6 3. d4 cxd4 4. Qxd4 Nf6 5. e5 Nc6 6. Qa4 Nd5 7. Qe4 Nb6 8. Nc3 Bg7 9. Bf4 O-O 10. O-O-O d5 11.
exd6 exd6 12. Rxd6 Bd7 13. Bb5 Re8 14. Qd3 Qc8 15.
a3 a6 16. Bxc6 Bxc6 17. Be3 Bxf3 18. Bxb6 Bxg2 19. Rd1 Bc6 20. Bd4 Bf8 21. Rf6 Qg4 22. f3 Qh4 23. Qc4 Re7 24. Nd5 Bxd5 25. Qxd5 Rc8 26. c3 Rcc7 27. Rd6 Re8 28. Rd7 Rxd7 29.
Qxd7 Qf4+ 30. Kb1 Qxf3 31. Qxe8 Qxd1+ 32. Ka2 Qg4 33. Qb8 Qe6+ 34. Ka1 Qe1+ 35. Ka2 Qe6+ 36. Ka1 Qc6 37. Qe5 f6 38. Qxf6 Qxf6 39. Bxf6 Kf7 40. Bh4 Ke6 41. Kb1 Bd6 42. h3 Kf5 43. Kc2 Ke4 44.
c4 Kf3 45. Bg5 Bf4 46. Bd8 g5 47. b4 Kg3 48. b5 Kxh3 0-1

[Event "Early-Titled-Tuesday-Blitz-June-18-2024"]
[Site "Chess.com"]
[Date "2024.06.18"]
[Round "5"]
[White "Vesper2018"]
[Black "SargissyanSargis"]
[Result "1-0"]
[WhiteElo "2611"]
[BlackElo "2425"]
[TimeControl "180+1"]
[EndTime "8:58:37 PDT"]
[Termination "Vesper2018 won by resignation"]

1. e4 e5 2. Nf3 Nc6 3. Bb5 a6 4.
Ba4 Nf6 5. O-O Be7 6. Re1 b5 7. Bb3 O-O 8. a4 Bb7 9. d3 d6 10. c3 h6 11. Nbd2 Re8 12. Nf1 Bf8 13. Ne3 Na5 14.
Ba2 d5 15. exd5 Nxd5 16. Bxd5 Bxd5 17. b4 Nc6 18. axb5 Bxf3 19. Qxf3 axb5 20. Rxa8 Qxa8 21.
Nf5 Ne7 22. Nxe7+ Bxe7 23. Qg3 Bf6 24. Bxh6 e4 25. d4 Qd5 26. Bf4 c6 27. f3 Re6 28.
Bd2 Qa2 29. Qf2 exf3 30. Rxe6 Qxe6 31. gxf3 Qf5 32. Qe3 Qc2 33. Qe8+ Kh7 34. Qe4+ Qxe4 35. fxe4 Bh4 36. Kg2 g6 37. Kf3 f5 38. exf5 gxf5 39. Kf4 Kg6 40. Ke5 Bg5 41. Bf4 Bh4 42. Kd6 Be1 43.
Kxc6 Bxc3 44. Kc5 Kh5 45. d5 Kg4 46. Bc1 f4 47. d6 f3 48. Be3 Bf6 49. Kxb5 Kh3 50.
Kc6 Kg2 51. b5 Bg5 52. Bc5 Kf1 53. b6 Ke2 54. d7 Be3 55. Bxe3 Kxe3 56. d8=Q f2 57.
Qd1 1-0

[Event "Early-Titled-Tuesday-Blitz-June-18-2024"]
[Site "Chess.com"]
[Date "2024.06.18"]
[Round "5"]
[White "MatthewG-p4p"]
[Black "vladgoncharov"]
[Result "0-1"]
[WhiteElo "2848"]
[BlackElo "2667"]
[TimeControl "180+1"]
[EndTime "8:58:39 PDT"]
[Termination "vladgoncharov won by resignation"]

1. e4 e6 2. d4 d5 3. Bd3 dxe4 4.
Bxe4 Nf6 5. Bf3 c5 6. Ne2 Nc6 7. Be3 cxd4 8. Nxd4 Ne5 9. Nc3 a6 10. a3 Be7 11. Qe2 Nxf3+ 12. Qxf3 Qc7 13. Bf4 e5 14. Bg3 Bg4 15. Qd3 Rd8 16. h3 Bc8 17.
Qe2 Rxd4 18. Bxe5 Qc4 19. Bxd4 Qxd4 20. O-O Be6 21. Rad1 Qb6 22. Na4 Qc6 23. Nc3 O-O 24. Rfe1 Rc8 25. Qe3 h6 26. Qg3 Bf8 27. Rd3 Bf5 28. Rd2 b5 29. Ree2 a5 30. Re3 b4 31.
axb4 axb4 32. Ne2 Bc5 33. Nd4 Bxd4 34. Rxd4 Qxc2 35. Qf4 b3 36. Kh2 Be6 37. Re5 Qxb2 38. Rd2 Qc3 39. Rb5 Nd5 40. Qd4 Qxd4 41. Rxd4 Nc3 42.
Rbb4 g5 43. Rd2 Rc5 44. h4 Kg7 45. hxg5 hxg5 46. Kg3 Rb5 47. Rxb5 Nxb5 48. f4 gxf4+ 49. Kxf4 Na3 50. Ke4 Nc4 51. Rd1 b2 52. Kd3 Na3 0-1

[Event "Early-Titled-Tuesday-Blitz-June-18-2024"]
[Site "Chess.com"]
[Date "2024.06.18"]
[Round "5"]
[White "TitarovVasiliYouTube"]
[Black "c63_amg"]
[Result "0-1"]
[WhiteElo "2598"]
[BlackElo "2803"]
[TimeControl "180+1"]
[EndTime "8:58:40 PDT"]
[Termination "c63_amg won on time"]

1. a3 e5 2. e3 Nf6 3. c4 c6 4. Nc3 d5 5. cxd5 cxd5 6. d4 e4 7.
Qb3 Nc6 8. Bd2 Be7 9. Nh3 O-O 10. Nf4 Na5 11. Qa2 Be6 12. Be2 Rc8 13. O-O Bd6 14. Rac1 Nc4 15. Bxc4 Rxc4 16. Qb3 Qd7 17. Nxe6 fxe6 18.
f3 exf3 19. Rxf3 Rcc8 20. Rcf1 a6 21. h3 b5 22. Be1 Bb8 23. Bg3 Bxg3 24. Rxg3 Rf7 25.
Rgf3 Rcf8 26. Qb4 Qc7 27. g4 h6 28. Kg2 Ne4 29. Qxf8+ Rxf8 30. Rxf8+ Kh7 31. Nxe4 dxe4 32.
R1f2 Qc1 33. Re2 Qd1 34. Kf2 Qh1 35. Rf4 Qxh3 36. Ke1 Qh1+ 37. Kd2 Qb1 38. b4 Qb2+ 39. Ke1 Qxa3 40. Rxe4 Qxb4+ 41. Kf2 Qc4 42. Re5 b4 43. Rc5 Qd3 44. Rb2 b3 45. Rc1 a5 46. Ra1 a4 0-1

[Event "Early-Titled-Tuesday-Blitz-June-18-2024"]
[Site "Chess.com"]
[Date "2024.06.18"]
[Round "5"]
[White "Puzzlebot_1294"]
[Black "VaglioSagan"]
[Result "1-0"]
[WhiteElo "2674"]
[BlackElo "2484"]
[TimeControl "180+1"]
[EndTime "8:58:40 PDT"]
[Termination "Puzzlebot_1294 won by checkmate"]

1. d4 d5 2. Bf4 Nf6 3. e3 c5 4. dxc5 Nc6 5. Bb5 e6 6. b4 a6 7. Bxc6+ bxc6 8. c3 a5 9. Nd2 axb4 10. cxb4 Ra3 11.
Ne2 Ba6 12. O-O Be7 13. Nb1 Bxe2 14. Qxe2 Ra7 15. Nc3 O-O 16. a4 Nd7 17. Bg3 Bf6 18. Qc2 Qa8 19. a5 Qb7 20. Rab1 Ne5 21. Bxe5 Bxe5 22.
Ne2 Qc7 23. f4 Bf6 24. g3 Rb8 25. Kg2 Rab7 26. Qd2 Rb5 27. f5 e5 28. g4 Qb7 29.
e4 h6 30. Nc3 d4 31. Nxb5 Qxb5 32. Rfd1 Bg5 33. Qd3 Qa4 34. Qc4 Bf4 35. Ra1 Qxb4 36.
Qxb4 Rxb4 37. a6 Rb2+ 38. Kf1 Rb8 39. a7 Ra8 40. Rdb1 Kh7 41. Rb8 Rxa7 42. Rxa7 d3 43. Rxf7 d2 44. Rd8 h5 45. gxh5 Kh6 46. h4 Kxh5 47.
Rxg7 Kh6 48. Rg6+ Kh7 49. Ke2 Bh2 50. h5 Bf4 51. f6 Bh6 52. Rd7+ Kh8 53. Rxh6+ Kg8 54.
f7+ Kf8 55. Rh8+ Kg7 56. f8=Q# 1-0

[Event "Early-Titled-Tuesday-Blitz-June-18-2024"]
[Site "Chess.com"]
[Date "2024.06.18"]
[Round "5"]
[White "masnyszachistaaa"]
[Black "cthulhuuu"]
[Result "0-1"]
[WhiteElo "2562"]
[BlackElo "2371"]
[TimeControl "180+1"]
[EndTime "8:58:42 PDT"]
[Termination "cthulhuuu won by resignation"]

1. Nf3 Nf6 2. b3 g6 3. Bb2 Bg7 4. g3 O-O 5. Bg2 d6 6. d4 c6 7.
O-O Nbd7 8. Nbd2 e5 9. dxe5 dxe5 10. Nc4 e4 11. Ng5 Qe7 12. Qd6 Re8 13. Rad1 h6 14. Qxe7 Rxe7 15. Bxf6 Nxf6 16. Rd8+ Bf8 17. Nd6 hxg5 18.
Nxc8 Re8 19. Rxe8 Nxe8 20. Bh3 f5 21. f3 e3 22. Nxa7 Rxa7 23. a4 b5 24. Ra1 Bg7 25.
Ra2 Bc3 26. f4 g4 27. Bg2 Ra6 28. h3 gxh3 29. Bxh3 Nd6 30. g4 Kf7 31. Kg2 Kf6 32. Kf3 Bd2 33. Bg2 Ne4 34. g5+ Ke6 35. Bf1 Nc3 36. Ra1 bxa4 37. bxa4 Rxa4 38. Rxa4 Nxa4 39. Kg3 Nc5 40. Bg2 Ne4+ 41. Kh2 Kd5 42. Bf3 Bc3 43. Kg2 Ba5 44. Kh3 Bc7 45. Bxe4+ Kxe4 46. c4 Bxf4 47. Kh4 Be5 48. c5 Bd4 0-1

[Event "Early-Titled-Tuesday-Blitz-June-18-2024"]
[Site "Chess.com"]
[Date "2024.06.18"]
[Round "5"]
[White "Niteshch"]
[Black "Jeppesen08"]
[Result "1-0"]
[WhiteElo "2333"]
[BlackElo "2444"]
[TimeControl "180+1"]
[EndTime "8:58:44 PDT"]
[Termination "Niteshch won by checkmate"]

1. e4 c5 2. Nf3 e6 3. d4 cxd4 4. Nxd4 Nc6 5. Nc3 Qc7 6. Be3 a6 7. g4 b5 8. Nxc6 Qxc6 9. Qd2 Bb7 10. O-O-O Rc8 11. Bg2 b4 12. Ne2 Nf6 13. g5 Ng8 14. e5 Qc7 15. Bb6 Bxg2 16. Bxc7 Rxc7 17. Rhg1 Bf3 18. Qd3 Bxe2 19. Qxe2 Ne7 20. Qxa6 g6 21. Qa8+ Nc8 22. Qb8 Kd8 23. Rd3 Be7 24. f4 h6 25. Rgd1 hxg5 26. Qb5 d5 27. exd6 Bxd6 28. Rxd6+ Nxd6 29. Rxd6+ Ke7 30. Qxb4 Rhc8 31. Rc6+ Ke8 32. Rxc7 Rxc7 33. fxg5 Rd7 34. a4 Rd5 35. h4 e5 36.
a5 Kd7 37. a6 Rd4 38. Qxd4+ exd4 39. a7 d3 40. a8=Q Ke6 41. Qe4+ Kd7 42. Qxd3+ Ke7 43. b4 f5 44. b5 Ke6 45. b6 Ke5 46. b7 f4 47. b8=Q+ Ke6 48. Qxf4 Ke7 49. c4 Ke8 50. c5 Ke7 51. c6 Ke6 52. Qfd4 Kf7 53. c7 Ke7 54.
c8=Q Kf7 55. Qc6 Kf8 56. Qcxg6 Ke7 57. Q4e4+ Kf8 58. Qf4+ Ke7 59. Qde3+ Kd7 60. h5 Kc8 61. h6 Kd7 62. h7 Kc8 63. h8=Q+ Kb7 64. Qge4+ Ka6 65.
g6 Ka5 66. g7 Kb5 67. g8=Q Ka5 68. Kd2 Kb5 69. Ke2 Ka5 70. Kf2 Kb5 71. Kg3 Ka5 72.
Kh4 Kb5 73. Kg5 Ka5 74. Kg6 Kb5 75. Kf7 Ka5 76. Ke8 Kb5 77. Kd8 Ka5 78. Kc8 Kb5 79. Kb8 Ka5 80. Ka8 Kb5 81. Qgf8 Ka5 82. Qee8 Ka6 83. Qfb8 Ka5 84. Qh4 Ka6 85. Qec8+ Ka5 86.
Qhd8+ Ka4 87. Qee8# 1-0

[Event "Early-Titled-Tuesday-Blitz-June-18-2024"]
[Site "Chess.com"]
[Date "2024.06.18"]
[Round "5"]
[White "RantomOpening"]
[Black "Aradhya2000"]
[Result "1/2-1/2"]
[WhiteElo "2613"]
[BlackElo "2811"]
[TimeControl "180+1"]
[EndTime "8:58:46 PDT"]
[Termination "Game drawn - insufficient material"]

1. Nc3 d5 2. e4 d4 3. Nce2 c5 4. Nf3 Nc6 5. Ng3 h5 6. h4 g6 7. Be2 Bg7 8. d3 Nf6 9. Bg5 Bg4 10. O-O Nd7 11. Nh2 Bxe2 12. Qxe2 Qb6 13. Bc1 e5 14. f4 exf4 15. Bxf4 Nde5 16. c3 O-O-O 17. Rac1 dxc3 18. Rxc3 c4+ 19. Be3 cxd3 20. Rxd3 Qa6 21.
Rxd8+ Rxd8 22. Qxa6 bxa6 23. Nf3 Nc4 24. Bc1 Nxb2 25.
Ng5 Nd3 26. Be3 Be5 27. Ne2 f6 28. Nf7 Re8 29. Nxe5 Ncxe5 30. Rxf6 Ng4 31. Rc6+ Kb7 32. Rc3 Rxe4 33. Rxd3 Nxe3 34. Nf4 Rxf4 35. Rxe3 Rxh4 36. Re7+ Kb8 37. Re8+ Kc7 38. Re7+ Kd6 39. Rxa7 Ra4 40. Rg7 Rg4 41. Ra7 Ra4 42. Rg7 Rxa2 43. Rxg6+ Ke7 44.
Rg5 h4 45. Rg4 h3 46. gxh3 a5 47. h4 a4 48. h5 a3 49. h6 Rb2 50. Ra4 Kf7 51.
Rxa3 Kg6 52. h7 Kxh7 53. Ra6 Kg7 54. Kf1 Kf7 55. Ke1 Ke7 56. Kd1 Rf2 57. Ke1 Rg2 58.
Kf1 Rd2 59. Ke1 Rd6 60. Rxd6 Kxd6 1/2-1/2

[Event "Early-Titled-Tuesday-Blitz-June-18-2024"]
[Site "Chess.com"]
[Date "2024.06.18"]
[Round "5"]
[White "UF_10"]
[Black "DuleMudule"]
[Result "1-0"]
[WhiteElo "2547"]
[BlackElo "2751"]
[TimeControl "180+1"]
[EndTime "8:58:47 PDT"]
[Termination "UF_10 won by resignation"]

1. d4 d5 2. Nf3 Bf5 3. Bf4 c5 4.
e3 Nc6 5. c3 Qb6 6. Qb3 c4 7. Qxb6 axb6 8. Nbd2 b5 9. Nh4 Bd7 10.
a3 h6 11. Bg3 Nf6 12. Be2 g5 13. Nhf3 Bf5 14. O-O Nd7 15. Rfe1 Nb6 16. Bd1 Bg7 17. e4 Be6 18. exd5 Bxd5 19. Ne4 O-O 20. Nc5 e6 21. Bc7 Na4 22. Bxa4 bxa4 23. Ne5 Rfc8 24. Nxc6 Rxc7 25. Nb4 b6 26. Nca6 Rd7 27. Nxd5 Rxa6 28.
Ne3 b5 29. Nc2 Rad6 30. Kf1 Rd5 31. Ne3 R5d6 32. Nc2 f5 33. Re2 Kf7 34. Rae1 Bf6 35.
Nb4 Re7 36. f3 h5 37. Kf2 g4 38. f4 Ke8 39. g3 Kd7 40. Nc2 Rh7 41. Kg2 h4 42.
Nb4 Rh6 43. Nc2 Bd8 44. Nb4 Ba5 45. Nc2 Rd5 46. Re5 Kd6 47. Rxd5+ exd5 48. Re5 hxg3 49. hxg3 Rf6 50. Ne3 Kd7 51. Rxd5+ Kc6 52. Rxf5 Rh6 53. Nxg4 Re6 54. d5+ 1-0

[Event "Early-Titled-Tuesday-Blitz-June-18-2024"]
[Site "Chess.com"]
[Date "2024.06.18"]
[Round "5"]
[White "Stanbad1"]
[Black "HajiyevKanan"]
[Result "0-1"]
[WhiteElo "2703"]
[BlackElo "2527"]
[TimeControl "180+1"]
[EndTime "8:58:47 PDT"]
[Termination "HajiyevKanan won by resignation"]

1. d4 d5 2. Nc3 c6 3. Bf4 a6 4. e3 Nf6 5. Nf3 Bg4 6. Qd2 Bxf3 7.
gxf3 e6 8. e4 Bb4 9. Bg2 Qa5 10.
a3 Nbd7 11. e5 Nh5 12. Be3 c5 13. f4 g6 14. Ke2 cxd4 15. Bxd4 Be7 16. Bf3 Ng7 17. b4 Qc7 18. Rhd1 O-O 19. Be3 Rac8 20. Bxd5 Qxc3 21. Bxb7 Qc4+ 22. Qd3 Qxc2+ 23. Kf3 Qxd3 24. Rxd3 Rc7 25. Bxa6 Nf5 26. Rad1 Nxe3 27. Rxd7 Nxd1 28. Rxc7 Ra8 29. b5 Bxa3 30. b6 Rxa6 31. b7 Rb6 32. Rc8+ Kg7 33. b8=Q Rxb8 34. Rxb8 Nb2 35. Rb3 Nc4 36.
Rc3 Nd2+ 37. Ke3 Bb4 38. Rc2 Nb3 39. Rb2 Bc5+ 40. Kf3 Nd4+ 41. Ke4 Nf5 42. Rc2 Bd4 43. Re2 Bb6 44. Rd2 h5 45. Rc2 Bd8 46. Rd2 Be7 47. Rc2 f6 48. exf6+ Bxf6 49. Rc7+ Be7 50. Rc6 Kf7 51.
Ra6 Bd6 52. Ra7+ Kf6 53. Ra6 Be7 54. Rc6 Bf8 55. Ra6 Bh6 56. Rc6 Ne7 57. Ra6 Nd5 58. Ra8 Bxf4 59. Rf8+ Kg5 60. Re8 Nf6+ 0-1

[Event "Early-Titled-Tuesday-Blitz-June-18-2024"]
[Site "Chess.com"]
[Date "2024.06.18"]
[Round "5"]
[White "cochess777"]
[Black "ploxoi"]
[Result "1-0"]
[WhiteElo "2336"]
[BlackElo "2476"]
[TimeControl "180+1"]
[EndTime "8:58:47 PDT"]
[Termination "cochess777 won by resignation"]

1. e4 e6 2. d4 d5 3. Nd2 Nc6 4. Ngf3 Nf6 5. e5 Nd7 6. Nb3 a5 7. a4 b6 8. Bb5 Na7 9. Bd3 c5 10. c4 Bb7 11. O-O Be7 12. dxc5 Nxc5 13. Nxc5 Bxc5 14.
Qe2 dxc4 15. Bxc4 Qc7 16. Bf4 O-O 17. Rac1 Rac8 18. Bd3 Qd7 19. Bxh7+ Kxh7 20. Ng5+ Kg8 21. Qh5 Qd3 22. Rc3 Qg6 23. Qh4 Be7 24. Rh3 Qh6 25.
Qg4 Qg6 26. Qh4 Qh6 27. Qg4 Qxh3 28. Nxh3 Rc4 29. Qg3 Rd8 30. b3 Re4 31. Ng5 Bxg5 32. Bxg5 Rd5 33. Bf6 Kf8 34. Qxg7+ Ke8 35. Qg8+ Kd7 36.
Qxf7+ Kc8 37. Rc1+ Kb8 38. Be7 Nc8 39. Bd6+ Ka7 40. Qc7 Ka6 41. h3 Red4 42. Qc3 Rd2 43. Re1 R2d3 44. Qc4+ Ka7 45. Qg4 Nxd6 46. exd6 Rxd6 47.
Rxe6 Rd1+ 48. Kh2 R6d2 49. Qg6 Rxf2 50. Rf6 Rxg2+ 51. Qxg2 Bxg2 52. Kxg2 Rd2+ 53. Kg3 Rd3+ 54. Rf3 Rxb3 55. Rxb3 Ka6 56. Rb5 1-0

[Event "Early-Titled-Tuesday-Blitz-June-18-2024"]
[Site "Chess.com"]
[Date "2024.06.18"]
[Round "5"]
[White "superchess02"]
[Black "Meri-Arabidze"]
[Result "1-0"]
[WhiteElo "2885"]
[BlackElo "2666"]
[TimeControl "180+1"]
[EndTime "8:58:48 PDT"]
[Termination "superchess02 won on time"]

1. b3 e5 2. Bb2 Nc6 3. g3 g6 4.
Bg2 Bg7 5. c4 Nf6 6. Nc3 O-O 7.
a3 d6 8. e3 a6 9. Nge2 Bg4 10.
h3 Be6 11. d4 exd4 12. exd4 d5 13. Nf4 Ne7 14. O-O Qd7 15. Re1 c6 16. Na4 dxc4 17.
Nb6 Qd6 18. Nxa8 Rxa8 19. Nxe6 fxe6 20. bxc4 Nf5 21. Qb3 Qd7 22. Rad1 Rd8 23. d5 exd5 24. Bxf6 Bxf6 25. cxd5 c5 26. d6+ Kg7 27. Qxb7 Qxb7 28.
Bxb7 Nd4 29. Kg2 Rxd6 30. Rc1 Rb6 31. Bd5 Rb5 32. a4 Ra5 33. Rc4 Nf5 34. Re6 Bd4 35.
Be4 Nh6 36. Re7+ Kf6 37. Rxh7 Nf7 38. Rxf7+ Kxf7 39. f4 Kf6 40. Kf3 Kf7 41. h4 Kf6 42.
Kg4 Bf2 43. Bd3 Be1 44. f5 gxf5+ 45. Bxf5 Bxg3 46. Kxg3 Kxf5 47. Kf3 Ke5 48. Ke3 Kd5 49. Kd3 Ke5 50. h5 Kf5 51. h6 Kg6 52. Ke4 Kxh6 53. Kd5 Kg6 54. Kc6 Kf6 55. Kb6 1-0